 Dungeon Crawl Stone Soup version 0.26-a0-771-g060e6a62af (webtiles) character file.

Game seed: 10262467099691330629

70 Bliebski the Insei (level 4, -4/29 HPs)
             Began as an Octopode Transmuter on Nov 8, 2020.
             Slain by a gnoll
             ... wielding a +0 whip
              (8 damage)
             ... on level 2 of the Dungeon.
             The game lasted 00:04:09 (2389 turns).

Bliebski the Insei (Octopode Transmuter)            Turns: 2389, Time: 00:04:09

Health: -4/29      AC:  1    Str:  9    XL:     4   Next: 22%
Magic:  7/7        EV: 14    Int: 15    God:
Gold:   117        SH:  0    Dex: 13    Spells: 7/8 levels left

rFire    . . .     SeeInvis .   e - +2 whip (venom)
rCold    . . .     Faith    .   (no shield)
rNeg     . . .     Spirit   .   (helmet restricted)
rPois    .         Reflect  .   (no amulet)
rElec    .         Harm     .   (no ring)
rCorr    .         Rampage  .   (no ring)
MR       .....                  (no ring)
Stlth    ++........             (no ring)
HPRegen  0.09/turn              (no ring)
MPRegen  0.10/turn              (no ring)
                                (no ring)
                                (no ring)

@: no status effects
A: almost no armour, stealthy swim, amphibious, 8 rings, constrict 8, camouflage
1, gelatinous body 1
a: no special abilities


You were on level 2 of the Dungeon.
You visited 1 branch of the dungeon, and saw 3 of its levels.

You collected 117 gold pieces.

Inventory:

Hand Weapons
 e - a +2 whip of venom (weapon)
Missiles
 d - 25 stones (quivered)
Scrolls
 b - 3 scrolls of teleportation {unknown}
 c - a scroll of random uselessness {unknown}
 i - 2 scrolls of remove curse {unknown}
 j - a scroll of amnesia {unknown}
 k - a scroll of blinking {unknown}
 l - a scroll of identify {unknown}
 m - a scroll of enchant weapon {unknown}
Potions
 a - 2 potions of flight {unknown}
 f - 3 potions of lignification {unknown}
 g - 2 potions of curing {unknown}
 h - a potion of heal wounds {unknown}


   Skills:
 + Level 1.9 Fighting
 + Level 2.5 Dodging
 + Level 3.4 Unarmed Combat
 + Level 2.5 Spellcasting
 + Level 2.5 Transmutations


You had 7 spell levels left.
You knew the following spells:

 Your Spells              Type           Power        Failure   Level
a - Beastly Appendage     Tmut           #.....       8%          1

Your spell library contained the following spells:

 Spells                   Type           Power        Failure   Level
 Wereblood                Tmut           #.......     11%         2
 Spider Form              Tmut/Pois      #.........   36%         3
 Ice Form                 Ice/Tmut       #.......     77%         4
 Blade Hands              Tmut           #.........   90%         5


Dungeon Overview and Level Annotations

Branches:
Dungeon (3/15)

Altars:
Cheibriados
Elyvilon


Innate Abilities, Weirdness & Mutations

You cannot wear most types of armour.
You are very stealthy in the water. (Stealth+)
You are amphibious.
You can wear up to eight rings at the same time.
You can use your tentacles to constrict eight enemies at once.
Your skin changes colour to match your surroundings (Stealth+).
Your rubbery body absorbs attacks. (AC +1, EV +1)


Message History

You kill the kobold!
A gnoll comes into view. It is wielding a +0 spear.
There is an open door here.
There is a stone staircase leading up here.
The gnoll hits you with a +0 whip!
You climb upwards.
There is a stone staircase leading down here.
You hit the gnoll. Your grab misses the gnoll.
The gnoll is heavily wounded.
The gnoll hits you with a +0 whip!
You are too injured to fight recklessly!
You closely miss the gnoll. You grab the gnoll.
The gnoll is heavily wounded.
You constrict the gnoll. The gnoll hits you with a +0 whip!
* * * LOW HITPOINT WARNING * * *
You hit the gnoll but do no damage.
The gnoll is poisoned.
The gnoll is heavily wounded.
You constrict the gnoll, but do no damage.
The gnoll hits you with a +0 whip!
You die...

#################
................#
###########.#.#.#
#.....###########
###########...............#
.............#...########.#
#.....####.#...#.#........#
#.....####......@#.#####..#
'.....'.....#.#.g#.#...#..#
#..†..#####......#.#.†.#..#
#.....# #.##...#.#.#.#..#
#.....# #..#...^.....#..#
#.....# ##.###.#.###.#..#
####### #..##.#.....#..#
##.##.#######..# ######
#..........##..#


You could see a gnoll (very poisoned).

Vanquished Creatures
  A howler monkey skeleton (D:2)
  An adder (D:2)
  2 dart slugs (D:1)
  3 leopard geckos (D:2)
  2 bats
  4 giant cockroaches
  6 goblins
  3 hobgoblins
  3 jackals (D:2)
  A quokka (D:2)
  2 frilled lizards
  7 kobolds
  8 rats
43 creatures vanquished.

Notes
Turn   | Place    | Note
-------+----------+-------------------------------------------
     0 | D:1      | Bliebski the Octopode Transmuter began the quest for the
                  | Orb.
     0 | D:1      | Reached XP level 1. HP: 13/13 MP: 3/3
     2 | D:1      | Noticed a troll
     2 | D:1      | Noticed an ogre
     4 | D:1      | Noticed a centaur
     6 | D:1      | Noticed a gargoyle
     6 | D:1      | Noticed a demigod
     8 | D:1      | Noticed a ghoul
     8 | D:1      | Noticed a naga
    10 | D:1      | Noticed a tengu
    12 | D:1      | Noticed a minotaur
    14 | D:1      | Noticed a vine stalker
    14 | D:1      | Noticed a formicid
    16 | D:1      | Noticed a demonspawn
    16 | D:1      | Noticed an octopode
    18 | D:1      | Noticed a merfolk
    18 | D:1      | Noticed a vampire
    20 | D:1      | Noticed a draconian
    20 | D:1      | Noticed a halfling
    22 | D:1      | Noticed a dwarf
    22 | D:1      | Noticed a spriggan
    24 | D:1      | Noticed an elf
    24 | D:1      | Noticed a human
    26 | D:1      | Noticed a felid
   188 | D:1      | Reached XP level 2. HP: 11/18 MP: 3/5
   985 | D:1      | Reached XP level 3. HP: 22/23 MP: 4/6
  1369 | D:2      | Found a snail-covered altar of Cheibriados.
  1815 | D:2      | Found a white marble altar of Elyvilon.
  2137 | D:2      | Reached XP level 4. HP: 18/29 MP: 5/7
  2389 | D:2      | Slain by a gnoll

Illustrated notes

Levels and vault maps discovered:
D:1:      kb_arrival_jail, layout_basic
D:2:      lemuel_upstairs_altar, layout_basic, cheibriados_altar_1,
          nicolae_overflow_hidden_temple, minmay_misc_feat_five,
          elyvilon_altar_3
D:3:      layout_basic, makhleb_altar_promises_db, overflow_temple_1_default

Action                   |  1- 3 |  4- 6 || total
-------------------------+-------+-------++-------
Melee: Unarmed           |    20 |       ||    20
       Constrict         |    21 |     3 ||    24
       Tentacles         |     9 |     1 ||    10
       Whip              |    51 |    14 ||    65
       Kick              |    11 |       ||    11
       Punch             |     1 |       ||     1
Throw: Stone             |     7 |       ||     7
 Cast: Beastly Appendage |    23 |       ||    23
 Stab: Sleeping          |     8 |     1 ||     9
Armor: Skin              |     2 |       ||     2
Dodge: Dodged            |    41 |     3 ||    44

Table legend: (Time is in decaauts)
 A = Elapsed time spent in this place.
 B = Non-inter-level travel time spent in this place.
 C = Inter-level travel time spent in this place.
 D = Time resting spent in this place.
 E = Time spent auto-exploring this place.
 F = Levels seen in this place.
 G = Mean time per level.
                   A        B        C        D        E       F      G
               +--------+--------+--------+--------+--------+-----+--------+
         Total |   2394 |   2349 |     45 |      0 |   2066 |   3 |  798.0 |
       Dungeon |   2394 |   2349 |     45 |      0 |   2066 |   3 |  798.0 |
               +--------+--------+--------+--------+--------+-----+--------+

Top non-repeatable levels by time:
     D:2: 1168 daAuts
     D:1: 1118 daAuts
     D:3: 107 daAuts
